[Event "XXXI Torre Memorial 2019"]
[Site "Merida"]
[Date "2019.12.17"]
[Round "7.4"]
[White "Gonzalez Zamora, Juan Carlos"]
[Black "Ibarra Chami, Luis Fernando"]
[Result "1/2-1/2"]
[ECO "A06"]
[WhiteElo "2535"]
[BlackElo "2423"]
[Annotator "ChessBase"]
[PlyCount "120"]
[EventDate "2019.12.13"]
[EventType "swiss"]
[EventCountry "MEX"]
[SourceTitle "playchess.com"]
[Source "ChessBase"]
[SourceQuality "1"]
[TimeControl "5400+30"]

1. Nf3 d5 2. g3 Nf6 3. Bg2 e6 4. O-O b5 5. a4 b4 6. d4 Be7 7. c4 bxc3 8. Nxc3 O-O 9. Ne5 c6 10. a5 Nfd7 11. Nd3 Na6 12. e4 Nc7 13. Qc2 Ba6 14. Rd1 Rb8 15. Bf4 Bc4 16. Nc1 Bg5 17. Bxg5 Qxg5 18. b3 Ba6 19. Na4 Bb5 20. Nc3 Rfc8 21. N1a2 Qe7 22. Rdc1 Ba6 23. Na4 Nb5 24. Qd2 Nd6 25. exd5 cxd5 26. Nc5 Bb5 27. b4 Bc4 28. Nc3 Nf5 29. Rab1 Nd6 30. Re1 Qd8 31. Bh3 Nf8 32. Bg2 Ng6 33. Nd1 Ne7 34. Ne3 Nc6 35. h4 Rb5 36. Rec1 Rbb8 37. Kh2 Bb5 38. Rd1 Nc4 39. Qc3 Nxe3 40. fxe3 Ne7 41. Qd2 Nf5 42. e4 dxe4 43. Bxe4 Qf6 44. Qf4 Nh6 45. Qxf6 Ng4+ 46. Kg1 Nxf6 47. Bf3 Rd8 48. Kf2 Nd5 49. Bxd5 Rxd5 50. Ne4 Ba4 51. Rd2 Rxa5 52. Ra2 Rf5+ 53. Ke3 Bc6 54. Rxa7 h6 55. Rc7 Rb6 56. g4 Bxe4 57. Kxe4 Rfb5 58. Rf1 f6 59. Ra1 Rxb4 60. Raa7 Rd6 1/2-1/2

[Event "XXXI Torre Memorial 2019"]
[Site "Merida"]
[Date "2019.12.17"]
[Round "7.5"]
[White "Fernandez De La Vara, Arnaldo"]
[Black "Macieja, Bartlomiej"]
[Result "1/2-1/2"]
[ECO "A35"]
[WhiteElo "2463"]
[BlackElo "2513"]
[Annotator "ChessBase"]
[PlyCount "124"]
[EventDate "2019.12.13"]
[EventType "swiss"]
[EventCountry "MEX"]
[SourceTitle "playchess.com"]
[Source "ChessBase"]
[SourceQuality "1"]
[TimeControl "5400+30"]

1. c4 c5 2. Nf3 Nf6 3. Nc3 Nc6 4. e3 e6 5. d4 d5 6. cxd5 exd5 7. Bb5 cxd4 8. Nxd4 Bd7 9. Nf3 a6 10. Bxc6 bxc6 11. O-O Be7 12. b3 O-O 13. Bb2 Bg4 14. h3 Bh5 15. Ne2 Bxf3 16. gxf3 Qd7 17. Kh2 c5 18. Rg1 a5 19. Qd3 Rfd8 20. Rg2 d4 21. exd4 cxd4 22. f4 Nh5 23. Qf3 Qd5 24. Qg4 Bf6 25. Rd1 g6 26. Bxd4 Ng7 27. Nc3 Qc6 28. Bxf6 Rxd1 29. Qxd1 Qxf6 30. Nd5 Qd6 31. Qd4 Rd8 32. Nf6+ Kh8 33. Qxd6 Rxd6 34. Ne4 Rd5 35. f3 Nh5 36. Rd2 Nxf4 37. Rxd5 Nxd5 38. Nd6 Kg7 39. a3 Ne7 40. Kg3 Nc6 41. Kf4 Kf6 42. Nb7 g5+ 43. Ke4 Ke6 44. Nc5+ Kd6 45. Na6 Ne7 46. b4 f5+ 47. Kd4 axb4 48. Nxb4 h5 49. Nd3 g4 50. Ke3 Ng6 51. f4 gxh3 52. Kf2 Kc6 53. Kg3 Kb5 54. Kxh3 Ka4 55. Kg3 Kxa3 56. Ne5 h4+ 57. Kh3 Nxf4+ 58. Kxh4 Ne6 59. Ng6 Kb4 60. Ne7 f4 61. Nd5+ Kc4 62. Nxf4 Nxf4 1/2-1/2

[Event "XXXI Torre Memorial 2019"]
[Site "Merida"]
[Date "2019.12.17"]
[Round "7.6"]
[White "Diaz Perez, Michel Alejandro"]
[Black "Espinosa Veloz, Ermes"]
[Result "1/2-1/2"]
[ECO "E73"]
[WhiteElo "2455"]
[BlackElo "2489"]
[Annotator "ChessBase"]
[PlyCount "138"]
[EventDate "2019.12.13"]
[EventType "swiss"]
[EventCountry "MEX"]
[SourceTitle "playchess.com"]
[Source "ChessBase"]
[SourceQuality "1"]
[TimeControl "5400+30"]

1. d4 Nf6 2. c4 g6 3. Nc3 Bg7 4. e4 d6 5. Be2 O-O 6. Bg5 h6 7. Be3 e5 8. d5 Na6 9. Qd2 Nc5 10. f3 a5 11. Bd1 Ne8 12. Bc2 f5 13. exf5 gxf5 14. O-O-O Qh4 15. f4 exf4 16. Bd4 Nf6 17. Nge2 Nfe4 18. Nxe4 Nxe4 19. Qxf4 Qxf4+ 20. Nxf4 Bd7 21. Bxg7 Kxg7 22. Rde1 Rae8 23. Rhf1 Nc5 24. Nh5+ Kg6 25. Rxe8 Rxe8 26. g4 Kg5 27. Ng7 Re7 28. Nxf5 Bxf5 29. gxf5 Kf6 30. Rf3 Nd7 31. Rh3 Rh7 32. Kd2 Ne5 33. b3 h5 34. Rg3 h4 35. Rg8 Rg7 36. Rxg7 Kxg7 37. Ke3 Ng4+ 38. Kf4 Ne5 39. a4 Kf6 40. h3 c6 41. Be4 c5 42. Bc2 Kg7 43. Bb1 Kf6 44. Be4 b6 45. Bc2 Kg7 46. Bb1 Kf7 47. Kg5 Nd7 48. Kxh4 Nf6 49. Kg5 Kg7 50. h4 Nh7+ 51. Kf4 Nf6 52. Bd3 Kh6 53. Be2 Kg7 54. Bd1 Kh6 55. Bf3 Kg7 56. Kg5 Nh7+ 57. Kg4 Nf6+ 58. Kf4 Kh6 59. Be2 Kg7 60. Bd1 Kh6 61. Bf3 Kg7 62. Ke3 Kh6 63. Be2 Kg7 64. Bd1 Kh6 65. Kf4 Kg7 66. h5 Kh6 67. Bf3 Kg7 68. Kg5 Nh7+ 69. Kf4 Nf6 1/2-1/2

[Event "XXXI Torre Memorial 2019"]
[Site "Merida"]
[Date "2019.12.17"]
[Round "7.7"]
[White "Kevlishvili, Robby"]
[Black "Drazic, Sinisa"]
[Result "1-0"]
[ECO "B04"]
[WhiteElo "2457"]
[BlackElo "2371"]
[Annotator "ChessBase"]
[PlyCount "31"]
[EventDate "2019.12.13"]
[EventType "swiss"]
[EventCountry "MEX"]
[SourceTitle "playchess.com"]
[Source "ChessBase"]
[SourceQuality "1"]
[TimeControl "5400+30"]

1. e4 Nf6 2. e5 Nd5 3. d4 d6 4. Nf3 Nb6 5. a4 a5 6. exd6 exd6 7. Bd3 Bg4 8. O-O Be7 9. Re1 Nc6 10. c3 Bh5 11. Nbd2 Rg8 12. Ne4 Qd7 13. Ng3 Bg6 14. Bb5 Qd8 15. d5 {[%emt 0:07:05] Ne5 Nd4+} h6 {[%emt 0:07:10] f4+ Ned7} 16. Bxc6+ {[%emt 0:30:06] Bf6 Bxb7+ Bxd4+ cxd4+ Rb8 Bc6+ Nf6 Qf3+ Qc8 f5+ Bh7 b3+ Qa6 Bd2+ Nc8 Ne4+ Nxe4 Rxe4+ Na7 Rg4+ h5 Rh4+ g6 Bh6+ Nxc6 dxc6 Qb6 fxg6 fxg6 Bf8 Rxf8 Rf4} 1-0

[Event "XXXI Torre Memorial 2019"]
[Site "Merida"]
[Date "2019.12.17"]
[Round "7.8"]
[White "Vera Gonzalez-Quevedo, Reynaldo"]
[Black "Ramirez, Alejandro"]
[Result "1/2-1/2"]
[ECO "A46"]
[WhiteElo "2436"]
[BlackElo "2589"]
[Annotator "ChessBase"]
[PlyCount "107"]
[EventDate "2019.12.13"]
[EventType "swiss"]
[EventCountry "MEX"]
[SourceTitle "playchess.com"]
[Source "ChessBase"]
[SourceQuality "1"]
[TimeControl "5400+30"]

1. d4 Nf6 2. Nf3 c5 3. c3 Qc7 4. e3 g6 5. dxc5 Qxc5 6. b4 Qc7 7. Bb2 Bg7 8. c4 O-O 9. Nbd2 b6 10. Be2 Bb7 11. O-O d6 12. Qb3 Nbd7 13. h3 Rac8 14. Rfc1 Qb8 15. Bc3 Rc7 16. a4 Rfc8 17. a5 e5 18. axb6 axb6 19. Bb2 Nf8 20. Rd1 Ne6 21. Nb1 Ne4 22. Nfd2 Nf6 23. Nc3 Bc6 24. Nd5 Rb7 25. b5 Bxd5 26. cxd5 Nc5 27. Qa2 e4 28. Nc4 Re7 29. Bd4 Ne8 30. Qb2 f5 31. Ra3 Rec7 32. Bxg7 Rxg7 33. Rda1 Rb7 34. Qd4 Qc7 35. g3 Nd7 36. Ra8 Rxa8 37. Rxa8 Rb8 38. Qa1 Rxa8 39. Qxa8 Kf7 40. Qc6 Ke7 41. g4 Qb8 42. Kg2 Nef6 43. Kg3 Ne8 44. g5 Qa7 45. h4 Qa1 46. Kg2 Qe1 47. Bf1 Qd1 48. Nxb6 Qg4+ 49. Kh1 Qxh4+ 50. Kg1 Qg4+ 51. Bg2 Qd1+ 52. Bf1 Qg4+ 53. Bg2 Qd1+ 54. Bf1 1/2-1/2

[Event "XXXI Torre Memorial 2019"]
[Site "Merida"]
[Date "2019.12.17"]
[Round "7.10"]
[White "Ordaz Valdes, Lisandra Teresa"]
[Black "Rodriguez Vila, Andres"]
[Result "0-1"]
[ECO "E32"]
[WhiteElo "2376"]
[BlackElo "2463"]
[Annotator "ChessBase"]
[PlyCount "22"]
[EventDate "2019.12.13"]
[EventType "swiss"]
[EventCountry "MEX"]
[SourceTitle "playchess.com"]
[Source "ChessBase"]
[SourceQuality "1"]
[TimeControl "5400+30"]

1. d4 e6 2. c4 Nf6 3. Nc3 Bb4 4. Qc2 O-O 5. Nf3 d6 6. Bd2 c5 7. dxc5 dxc5 8. Rd1 Nc6 9. a3 Bxc3 10. Bxc3 Qe7 11. Ne5 Nxe5 0-1

[Event "XXXI Torre Memorial 2019"]
[Site "Merida"]
[Date "2019.12.17"]
[Round "7.16"]
[White "Berdayes Ason, Dylan Isidro"]
[Black "Diaz Rosas, Julio Cesar"]
[Result "1-0"]
[ECO "B90"]
[WhiteElo "2448"]
[BlackElo "2365"]
[Annotator "NA"]
[PlyCount "63"]
[EventDate "2019.12.13"]
[EventType "swiss"]
[EventCountry "MEX"]
[SourceTitle "playchess.com"]
[Source "ChessBase"]
[SourceQuality "1"]
[TimeControl "5400+30"]

1. e4 c5 2. Nf3 d6 3. d4 cxd4 4. Nxd4 Nf6 5. Nc3 a6 6. Be3 e5 7. Nb3 Be7 8. f3 Be6 9. Qd2 O-O 10. O-O-O a5 11. a4 Na6 12. g4 Nb4 13. Kb1 Rc8 14. g5 Nh5 15. Rg1 d5 16. exd5 Bf5 17. Na1 Nf4 18. Bxf4 exf4 19. Qxf4 Qb6 20. Bb5 Qg6 21. Ne4 Rfd8 22. c4 Bd6 23. Qh4 Be5 24. Nb3 Qb6 25. Rge1 Rxd5 26. Rxd5 Nxd5 27. cxd5 Qd6 28. Rd1 Qb4 29. Rd3 Rc3 30. Rxc3 Bxc3 31. Qf4 g6 32. Ka2 1-0

[Event "XXXI Torre Memorial 2019"]
[Site "Merida"]
[Date "2019.12.18"]
[Round "9.1"]
[White "Kevlishvili, Robby"]
[Black "Cordova, Emilio"]
[Result "1/2-1/2"]
[ECO "B33"]
[WhiteElo "2457"]
[BlackElo "2585"]
[Annotator "ChessBase"]
[PlyCount "51"]
[EventDate "2019.12.13"]
[EventType "swiss"]
[EventCountry "MEX"]
[SourceTitle "playchess.com"]
[Source "ChessBase"]
[SourceQuality "1"]
[TimeControl "5400+30"]

1. e4 c5 2. Nf3 Nc6 3. d4 cxd4 4. Nxd4 Nf6 5. Nc3 e5 6. Ndb5 d6 7. Bg5 a6 8. Na3 b5 9. Nd5 Be7 10. Bxf6 Bxf6 11. c3 O-O 12. Nc2 Rb8 13. a4 bxa4 14. Ncb4 Nxb4 15. cxb4 Bb7 16. Rxa4 Bc6 17. Bxa6 Bxa4 18. Qxa4 Bg5 19. O-O g6 20. Qb3 Kh8 21. b5 Qd7 22. Qc4 Qa7 23. g3 f5 24. exf5 gxf5 25. Kg2 Qc5 26. Qxc5 1/2-1/2

[Event "XXXI Torre Memorial 2019"]
[Site "Merida"]
[Date "2019.12.18"]
[Round "9.2"]
[White "Albornoz Cabrera, Carlos Daniel"]
[Black "Espinosa Veloz, Ermes"]
[Result "1-0"]
[ECO "D43"]
[WhiteElo "2555"]
[BlackElo "2489"]
[Annotator "ChessBase"]
[PlyCount "77"]
[EventDate "2019.12.13"]
[EventType "swiss"]
[EventCountry "MEX"]
[SourceTitle "playchess.com"]
[Source "ChessBase"]
[SourceQuality "1"]
[TimeControl "5400+30"]

1. Nf3 d5 2. d4 Nf6 3. c4 e6 4. Nc3 c6 5. Bg5 h6 6. Bxf6 Qxf6 7. e3 Qd8 8. Bd3 g6 9. O-O Bg7 10. Qe2 O-O 11. e4 dxc4 12. Bxc4 Nd7 13. Rfd1 b6 14. e5 Bb7 15. Ne4 c5 16. dxc5 Qc7 17. cxb6 axb6 18. Rac1 Nxe5 19. Bd5 Qe7 20. Bxb7 Qxb7 21. Nxe5 Bxe5 22. b3 Rfd8 23. g3 Rxd1+ 24. Rxd1 Rc8 25. h4 h5 26. Ng5 Qc7 27. Qf3 Kg7 28. a4 Bf6 29. Ne4 Be7 30. Kg2 Qc2 31. Rd7 Kf8 32. Nd6 Qc6 33. Nxc8 Qxd7 34. Nxb6 Qd2 35. Nc4 Qe1 36. a5 Bc5 37. a6 Kg7 38. Qf4 Qb4 39. Ne5 1-0

[Event "XXXI Torre Memorial 2019"]
[Site "Merida"]
[Date "2019.12.18"]
[Round "9.3"]
[White "Santiago, Yago De Moura"]
[Black "Macieja, Bartlomiej"]
[Result "0-1"]
[ECO "A33"]
[WhiteElo "2479"]
[BlackElo "2513"]
[Annotator "ChessBase"]
[PlyCount "93"]
[EventDate "2019.12.13"]
[EventType "swiss"]
[EventCountry "MEX"]
[SourceTitle "playchess.com"]
[Source "ChessBase"]
[SourceQuality "1"]
[TimeControl "5400+30"]

1. c4 c5 2. Nf3 Nf6 3. Nc3 Nc6 4. d4 cxd4 5. Nxd4 e6 6. a3 Be7 7. e4 O-O 8. Nc2 b6 9. Be2 Bb7 10. O-O Na5 11. e5 Ne4 12. Nxe4 Bxe4 13. Ne3 Qc7 14. b4 Nc6 15. Bb2 Rad8 16. f3 Bg6 17. Rc1 Nxe5 18. f4 Nc6 19. Kh1 Rfe8 20. f5 exf5 21. Nd5 Qb8 22. Bd3 Bg5 23. Bxf5 Bxc1 24. Qxc1 Qd6 25. Qg5 Ne7 26. Bxg6 Nxg6 27. h4 h6 28. Qg4 Qe6 29. Qd4 Qe5 30. Qf2 Qe6 31. h5 Ne5 32. Bxe5 Qxe5 33. Qxf7+ Kh8 34. Nf4 Qg5 35. Kg1 Kh7 36. Nd5 Rf8 37. Qg6+ Qxg6 38. hxg6+ Kxg6 39. Rd1 Rf7 40. Kh2 Re8 41. Rd4 h5 42. Nc3 Rf4 43. Rd5 Rxc4 44. Nb5 Rh4+ 45. Kg1 Re1+ 46. Kf2 Rhh1 47. a4 0-1

[Event "XXXI Torre Memorial 2019"]
[Site "Merida"]
[Date "2019.12.18"]
[Round "9.4"]
[White "Alvarez Pedraza, Aramis"]
[Black "Miranda Mesa, Elier"]
[Result "0-1"]
[ECO "A07"]
[WhiteElo "2429"]
[BlackElo "2477"]
[Annotator "ChessBase"]
[PlyCount "52"]
[EventDate "2019.12.13"]
[EventType "swiss"]
[EventCountry "MEX"]
[SourceTitle "playchess.com"]
[Source "ChessBase"]
[SourceQuality "1"]
[TimeControl "5400+30"]

1. Nf3 d5 2. g3 Nf6 3. Bg2 c6 4. O-O Bg4 5. b3 e6 6. Bb2 Nbd7 7. c4 Be7 8. d3 O-O 9. Nbd2 Re8 10. Rc1 a5 11. a3 Bd6 12. h3 Bh5 13. Rc2 Qe7 14. Qa1 e5 15. cxd5 cxd5 16. g4 Bg6 17. Nh4 Rad8 18. Nxg6 hxg6 19. Rfc1 g5 20. Nf3 e4 21. dxe4 dxe4 22. Nxg5 Bf4 23. h4 Bxc1 24. Qxc1 Ne5 25. Rc7 Rd1+ 26. Qxd1 Qxc7 0-1

[Event "XXXI Torre Memorial 2019"]
[Site "Merida"]
[Date "2019.12.18"]
[Round "9.5"]
[White "Berdayes Ason, Dylan Isidro"]
[Black "Ibarra Chami, Luis Fernando"]
[Result "0-1"]
[ECO "B56"]
[WhiteElo "2448"]
[BlackElo "2423"]
[Annotator "NA"]
[PlyCount "86"]
[EventDate "2019.12.13"]
[EventType "swiss"]
[EventCountry "MEX"]
[SourceTitle "playchess.com"]
[Source "ChessBase"]
[SourceQuality "1"]
[TimeControl "5400+30"]

1. e4 c5 2. Nf3 d6 3. d4 cxd4 4. Nxd4 Nf6 5. Nc3 Nc6 6. f3 e5 7. Nb3 Be6 8. Be3 Be7 9. Nd5 O-O 10. Be2 Bxd5 11. exd5 Nb4 12. c4 Nh5 13. Qd2 Na6 14. Na5 Nf4 15. Bf1 Bg5 16. Nb3 h6 17. g3 Ng6 18. h4 Bxe3 19. Qxe3 Nc5 20. h5 Ne7 21. Bd3 Na4 22. O-O-O Qb6 23. Qxb6 axb6 24. g4 f5 25. gxf5 Nxf5 26. Nd2 Nd4 27. Be4 Nc5 28. a3 Rac8 29. Kb1 Ncb3 30. Nxb3 Nxb3 31. Ka2 Nd4 32. b3 Nxf3 33. Rdf1 Nd2 34. Rxf8+ Rxf8 35. Bc2 Rf2 36. Kb2 Nf3 37. Kc3 Nd4 38. Bd1 Rg2 39. a4 Rg3+ 40. Kb4 Rd3 41. Rf1 e4 42. Ka3 e3 43. Re1 Rxd1 0-1

[Event "XXXI Torre Memorial 2019"]
[Site "Merida"]
[Date "2019.12.18"]
[Round "9.6"]
[White "Gonzalez Zamora, Juan Carlos"]
[Black "Almeida Quintana, Omar"]
[Result "1-0"]
[ECO "A41"]
[WhiteElo "2535"]
[BlackElo "2554"]
[Annotator "ChessBase"]
[PlyCount "87"]
[EventDate "2019.12.13"]
[EventType "swiss"]
[EventCountry "MEX"]
[SourceTitle "playchess.com"]
[Source "ChessBase"]
[SourceQuality "1"]
[TimeControl "5400+30"]

1. d4 d6 2. Nf3 g6 3. c4 Bg7 4. Nc3 Bg4 5. e3 e5 6. Be2 Nc6 7. d5 Nce7 8. e4 Nf6 9. h3 Bxf3 10. Bxf3 O-O 11. g4 c6 12. g5 Nd7 13. h4 cxd5 14. cxd5 Qa5 15. Bd2 Nc5 16. Qb1 Qb6 17. b4 Nd7 18. Be3 Qd8 19. h5 Nb6 20. h6 Bh8 21. Qb3 Rc8 22. Bg4 Ra8 23. a4 f5 24. gxf6 Bxf6 25. a5 Nbc8 26. Rc1 a6 27. Na4 Kh8 28. Nb6 Nxb6 29. Bxb6 Qe8 30. Rc7 Nc8 31. Be3 Rb8 32. Qc4 Ne7 33. Bd7 Qd8 34. Ba7 Ra8 35. Rxb7 Nc8 36. Be3 Bg5 37. Qc7 Bxe3 38. Qxd8 Bxf2+ 39. Ke2 Rxd8 40. Kxf2 Ne7 41. Rc1 Ng8 42. Be6 Rdb8 43. Rxb8 Rxb8 44. Rc8 1-0

[Event "XXXI Torre Memorial 2019"]
[Site "Merida"]
[Date "2019.12.18"]
[Round "9.7"]
[White "Vera Gonzalez-Quevedo, Reynaldo"]
[Black "Martinez Ramirez, Lennis"]
[Result "0-1"]
[ECO "A46"]
[WhiteElo "2436"]
[BlackElo "2454"]
[Annotator "ChessBase"]
[PlyCount "66"]
[EventDate "2019.12.13"]
[EventType "swiss"]
[EventCountry "MEX"]
[SourceTitle "playchess.com"]
[Source "ChessBase"]
[SourceQuality "1"]
[TimeControl "5400+30"]

1. d4 Nf6 2. Nf3 c5 3. e3 d5 4. c3 e6 5. Nbd2 Nc6 6. Bd3 b6 7. O-O Be7 8. Qe2 Bb7 9. b3 O-O 10. Bb2 Qc7 11. Rac1 e5 12. dxe5 Nxe5 13. Nxe5 Qxe5 14. f4 Qe6 15. c4 Rad8 16. Rcd1 Ng4 17. Rfe1 d4 18. exd4 cxd4 19. Bxh7+ Kh8 20. Qxe6 fxe6 21. Rxe6 Bc5 22. Bd3 Ne3 23. Rb1 Nxg2 24. Be4 Nxf4 25. Re5 Bd6 26. Rb5 Nh3+ 27. Kg2 Rf2+ 28. Kxh3 Bc8+ 29. Kh4 Rf4+ 30. Kh5 Be7 31. Rd5 Rdf8 32. Bxd4 Rf2 {Kh4 Bd6} 33. Rb5 Rxh2+ {Bb2} 0-1

[Event "XXXI Torre Memorial 2019"]
[Site "Merida"]
[Date "2019.12.18"]
[Round "9.8"]
[White "Quesada Perez, Yasser"]
[Black "Fernandez Cardoso, Alexey"]
[Result "0-1"]
[ECO "B85"]
[WhiteElo "2582"]
[BlackElo "2441"]
[Annotator "ChessBase"]
[PlyCount "52"]
[EventDate "2019.12.13"]
[EventType "swiss"]
[EventCountry "MEX"]
[SourceTitle "playchess.com"]
[Source "ChessBase"]
[SourceQuality "1"]
[TimeControl "5400+30"]

1. e4 c5 2. Nf3 e6 3. d4 cxd4 4. Nxd4 a6 5. Be2 Nf6 6. Nc3 Qc7 7. O-O d6 8. a4 Nc6 9. Kh1 Be7 10. f4 O-O 11. Be3 Bd7 12. Nb3 b6 13. Bf3 Rab8 14. g4 Bc8 15. g5 Nd7 16. Bg2 Re8 17. Rf3 Bf8 18. Rh3 g6 19. Qe1 Bg7 20. Rd1 Na5 21. f5 Nc4 22. Bc1 b5 23. axb5 axb5 24. e5 Ncxe5 25. Ne4 exf5 26. Nxd6 Re6 0-1

[Event "XXXI Torre Memorial 2019"]
[Site "Merida"]
[Date "2019.12.18"]
[Round "9.9"]
[White "Diaz Perez, Michel Alejandro"]
[Black "Ramirez, Alejandro"]
[Result "1/2-1/2"]
[ECO "C07"]
[WhiteElo "2455"]
[BlackElo "2589"]
[Annotator "ChessBase"]
[PlyCount "51"]
[EventDate "2019.12.13"]
[EventType "swiss"]
[EventCountry "MEX"]
[SourceTitle "playchess.com"]
[Source "ChessBase"]
[SourceQuality "1"]
[TimeControl "5400+30"]

1. e4 e6 2. d4 d5 3. Nd2 c5 4. exd5 Qxd5 5. dxc5 Bxc5 6. Ngf3 Nf6 7. Bc4 Qc6 8. Qe2 O-O 9. O-O a6 10. a4 Qc7 11. Ne4 Be7 12. Bd3 Nc6 13. c3 Nd5 14. Re1 Nf4 15. Bxf4 Qxf4 16. Ned2 Rd8 17. Nc4 Bd7 18. Nb6 Rab8 19. Nxd7 Rxd7 20. Be4 Qc7 21. b4 Bf6 22. Rac1 Rbd8 23. g3 g6 24. h4 Ne7 25. c4 a5 26. b5 1/2-1/2

[Event "XXXI Torre Memorial 2019"]
[Site "Merida"]
[Date "2019.12.18"]
[Round "9.10"]
[White "Obregon Rivero, Juan Carlos"]
[Black "Vitier Vazquez, Cristian"]
[Result "1/2-1/2"]
[ECO "A37"]
[WhiteElo "2513"]
[BlackElo "2405"]
[Annotator "ChessBase"]
[PlyCount "99"]
[EventDate "2019.12.13"]
[EventType "swiss"]
[EventCountry "MEX"]
[SourceTitle "playchess.com"]
[Source "ChessBase"]
[SourceQuality "1"]
[TimeControl "5400+30"]

1. c4 c5 2. g3 Nc6 3. Bg2 g6 4. Nc3 Bg7 5. Nf3 d6 6. O-O e6 7. d3 Nge7 8. Bd2 b6 9. a3 Bb7 10. Rb1 Qd7 11. b4 Rd8 12. Qa4 Ba8 13. Nb5 O-O 14. Rfd1 h6 15. e3 e5 16. Bc3 g5 17. bxc5 dxc5 18. Ba1 Ng6 19. Nc3 Nce7 20. Qxd7 Rxd7 21. e4 f5 22. Ne1 g4 23. a4 f4 24. f3 h5 25. a5 bxa5 26. Na4 fxg3 27. Nxc5 gxh2+ 28. Kxh2 Rd6 29. d4 exd4 30. Ned3 Nh4 31. fxg4 Nxg2 32. Kxg2 hxg4 33. Rf1 Rxf1 34. Rxf1 Ng6 35. Kg3 Ne5 36. Nxe5 Bxe5+ 37. Kxg4 Rf6 38. Rxf6 Bxf6 39. Kf3 Kf7 40. Bb2 Be5 41. Ke2 d3+ 42. Nxd3 Bxb2 43. Nxb2 Bxe4 44. Kd2 Ke6 45. Kc3 Kd6 46. Kd4 Bc2 47. Kc3 Be4 48. Kd4 Bc2 49. Kc3 Be4 50. Kd4 1/2-1/2

[Event "XXXI Torre Memorial 2019"]
[Site "Merida"]
[Date "2019.12.18"]
[Round "9.11"]
[White "Hevia Alejano, Carlos Antonio"]
[Black "Leon Valdes, Jony Wilson"]
[Result "1/2-1/2"]
[ECO "C14"]
[WhiteElo "2465"]
[BlackElo "2398"]
[Annotator "ChessBase"]
[PlyCount "50"]
[EventDate "2019.12.13"]
[EventType "swiss"]
[EventCountry "MEX"]
[SourceTitle "playchess.com"]
[Source "ChessBase"]
[SourceQuality "1"]
[TimeControl "5400+30"]

1. e4 e6 2. d4 d5 3. Nc3 Nf6 4. Bg5 Be7 5. e5 Nfd7 6. Bxe7 Qxe7 7. f4 a6 8. Nf3 b6 9. Qd2 c5 10. Bd3 Nc6 11. O-O Bb7 12. a3 O-O-O 13. b3 Kb8 14. Ne2 Rc8 15. c3 Na5 16. Bc2 h6 17. Rfc1 Ka7 18. a4 Rhg8 19. Qe3 g5 20. Rab1 f6 21. exf6 Qxf6 22. fxg5 hxg5 23. Rf1 Qe7 24. Rbe1 cxd4 25. Nexd4 e5 1/2-1/2

[Event "XXXI Torre Memorial 2019"]
[Site "Merida"]
[Date "2019.12.18"]
[Round "9.12"]
[White "Coto Mederos, Michel"]
[Black "Rodriguez Vila, Andres"]
[Result "0-1"]
[ECO "A22"]
[WhiteElo "2352"]
[BlackElo "2463"]
[Annotator "ChessBase"]
[PlyCount "80"]
[EventDate "2019.12.13"]
[EventType "swiss"]
[EventCountry "MEX"]
[SourceTitle "playchess.com"]
[Source "ChessBase"]
[SourceQuality "1"]
[TimeControl "5400+30"]

1. c4 e5 2. Nc3 Nf6 3. Nf3 d6 4. e4 g6 5. d3 Bg7 6. Be2 O-O 7. O-O a5 8. h3 c6 9. Be3 Na6 10. Rc1 Qe7 11. a3 Nd7 12. d4 f5 13. dxe5 dxe5 14. exf5 gxf5 15. Bg5 Qe6 16. Re1 Nac5 17. Bf1 e4 18. Be3 a4 19. Nd2 Qg6 20. f4 Qg3 21. b4 Ne6 22. Ndxe4 fxe4 23. Nxe4 Qg6 24. Nd6 Nxf4 25. Bxf4 Rxf4 26. Re8+ Nf8 27. Rxc8 Bd4+ 28. Kh1 Rxc8 29. Nxc8 Qe6 30. g3 Qe3 31. Bg2 Qxg3 32. Ne7+ Kf7 33. Nf5 Rxf5 34. Qxd4 Qxa3 35. Rd1 Qxb4 36. Qg4 Rf6 37. Qh5+ Kg8 38. Be4 Qe7 39. Rg1+ Kh8 40. Qg5 Qxe4+ 0-1

[Event "XXXI Torre Memorial 2019"]
[Site "Merida"]
[Date "2019.12.18"]
[Round "9.13"]
[White "Fernandez De La Vara, Arnaldo"]
[Black "Perez Leiva, Jerzy Jesus"]
[Result "1-0"]
[ECO "A41"]
[WhiteElo "2463"]
[BlackElo "2373"]
[Annotator "ChessBase"]
[PlyCount "85"]
[EventDate "2019.12.13"]
[EventType "swiss"]
[EventCountry "MEX"]
[SourceTitle "playchess.com"]
[Source "ChessBase"]
[SourceQuality "1"]
[TimeControl "5400+30"]

1. c4 g6 2. d4 Bg7 3. Nc3 d6 4. Nf3 Bg4 5. g3 Bxf3 6. exf3 c6 7. Be3 Nd7 8. Bg2 Nh6 9. g4 Qa5 10. h4 Nb6 11. Qb3 d5 12. Bf1 c5 13. Bd2 dxc4 14. Bxc4 O-O 15. Nd1 Qa4 16. Qxa4 Nxa4 17. Bb5 Nb6 18. dxc5 Nd5 19. h5 g5 20. Bxg5 f5 21. Bd7 Nb4 22. O-O Nc2 23. Ne3 Nxa1 24. Rxa1 fxg4 25. fxg4 Kh8 26. Rd1 Rg8 27. Be6 Rgd8 28. Rxd8+ Rxd8 29. b4 a6 30. a4 Ng8 31. b5 Nf6 32. c6 bxc6 33. bxc6 Ne8 34. Bf4 Rd4 35. Bg3 Re4 36. Bd7 Be5 37. Bxe5+ Rxe5 38. Bxe8 Rc5 39. Nf5 Kg8 40. Nd4 Rc1+ 41. Kg2 Kf8 42. Bd7 e5 43. c7 1-0

[Event "XXXI Torre Memorial 2019"]
[Site "Merida"]
[Date "2019.12.18"]
[Round "9.14"]
[White "Ochoa de la Rosa, Manuel Dario"]
[Black "Otero Acosta, Diasmany"]
[Result "1-0"]
[ECO "A46"]
[WhiteElo "2403"]
[BlackElo "2373"]
[Annotator "NA"]
[PlyCount "99"]
[EventDate "2019.12.13"]
[EventType "swiss"]
[EventCountry "MEX"]
[SourceTitle "playchess.com"]
[Source "ChessBase"]
[SourceQuality "1"]
[TimeControl "5400+30"]

1. d4 Nf6 2. Nf3 e6 3. c4 c5 4. e3 d5 5. a3 Nc6 6. Nc3 cxd4 7. exd4 dxc4 8. Bxc4 Be7 9. O-O O-O 10. Re1 Nd5 11. Bd3 Bf6 12. Bc2 g6 13. Bh6 Bg7 14. Qd2 Bd7 15. Re4 Bxh6 16. Qxh6 Qf6 17. h4 Qg7 18. Qd2 h6 19. Nxd5 exd5 20. Re3 Rfe8 21. Rae1 Rxe3 22. Rxe3 Qf6 23. h5 g5 24. Ne5 Be6 25. Rf3 Qg7 26. Nxc6 bxc6 27. Rc3 Bd7 28. f4 Re8 29. Rg3 f6 30. Bg6 Re7 31. Rb3 Qf8 32. Rb7 Bc8 33. Rb8 Rb7 34. Ra8 Kg7 35. Bf5 Bxf5 36. Rxf8 Kxf8 37. fxg5 fxg5 38. Qf2 Rf7 39. Qg3 Kg7 40. Qe5+ Kh7 41. Qd6 Be4 42. Qxc6 Kg7 43. Qd6 Rb7 44. b4 Rb6 45. Qd7+ Kf6 46. b5 g4 47. a4 Kg5 48. a5 Rf6 49. Qe7 Kf5 50. Qe5# 1-0

[Event "XXXI Torre Memorial 2019"]
[Site "Merida"]
[Date "2019.12.18"]
[Round "9.15"]
[White "Fernandez Guillen, Ernesto J."]
[Black "Martin Del Campo C., Roberto"]
[Result "1/2-1/2"]
[ECO "B24"]
[WhiteElo "2407"]
[BlackElo "2314"]
[Annotator "NA"]
[PlyCount "65"]
[EventDate "2019.12.13"]
[EventType "swiss"]
[EventCountry "MEX"]
[SourceTitle "playchess.com"]
[Source "ChessBase"]
[SourceQuality "1"]
[TimeControl "5400+30"]

1. e4 c5 2. Nc3 Nc6 3. g3 g6 4. Bg2 Bg7 5. Nge2 d6 6. d3 Nf6 7. O-O O-O 8. h3 Rb8 9. Be3 b5 10. Qd2 b4 11. Nd1 Ne8 12. f4 a5 13. f5 a4 14. Bh6 Qb6 15. Bxg7 Kxg7 16. Kh2 Ba6 17. Ne3 Ne5 18. Nd5 Qd8 19. Rf4 Bb7 20. Rh4 Rh8 21. Qh6+ Kg8 22. Rf1 Bxd5 23. exd5 b3 24. Nf4 Ng7 25. fxg6 Nxg6 26. Nxg6 fxg6 27. Rhf4 bxa2 28. Rf7 Nh5 29. g4 Qe8 30. gxh5 Qxf7 31. Rxf7 Kxf7 32. Qf4+ Kg7 33. h6+ {Kf7 Qe3} 1/2-1/2